 Dungeon Sprint DCSS version 0.26-a0-1177-g1209ec82b9 (webtiles) character file.

Game seed: 3545766859651041467

17264 reriks the Brawler (level 12, 0/141 HPs)
             Began as a Troll Berserker on Dec 24, 2020.
             Was the Champion of Trog.
             Succumbed to poison (dark miasma)
             ... in the Dungeon (Sprint II: "The Violet Keep of Menkaure").
             The game lasted 00:12:26 (2536 turns).

reriks the Brawler (Troll Berserker)                Turns: 2536, Time: 00:12:26

Health: 0/141      AC: 11    Str: 32    XL:     12   Next: 17%
Magic:  11/11      EV: 16    Int:  3    God:    Trog [******]
Gold:   909        SH:  0    Dex:  9    Spells: 11/11 levels left

rFire    . . .     SeeInvis +     - Unarmed
rCold    + + .     Faith    .   (no shield)
rNeg     . . .     Spirit   .   a - +1 animal skin
rPois    .         Reflect  .   (helmet restricted)
rElec    .         Harm     .   (no cloak)
rCorr    .         Rampage  .   (gloves unavailable)
Will     .....     NoTele   +   (boots unavailable)
Stlth    +.........             (no amulet)
HPRegen  0.73/turn              h - ring of Okawaru's Whim {rC++ SInv}
MPRegen  0.12/turn              i - +4 ring of protection

@: brilliant, lethally poisoned (0 -> -58), very slow
A: large, unfitting armour, claws 3, regeneration 1, shaggy fur 1, tough skin 3
a: Renounce Religion, Berserk, Trog's Hand, Brothers in Arms


You were in the Dungeon.
You worshipped Trog.
Trog was exalted by your worship.
You visited 1 branch You collected 1819 gold pieces.
You spent 910 gold pieces at shops.

Inventory:

Hand Weapons
 j - a +6 antimagic broad axe
 m - the +7 executioner's axe "Biwn" {flame, rPois Dex+3 Stlth-}
   (Trog gifted it to you in the Dungeon)

   It has been specially enchanted to burn those struck by it, causing extra
   injury to most foes and up to half again as much damage against particularly
   susceptible opponents.
   Big, fiery blades are also staple armaments of hydra-hunters.
   It affects your dexterity (+3).
   It protects you from poison.
   It makes you less stealthy.
Armour
 a - a +1 animal skin (worn)
Jewellery
 h - the ring of Okawaru's Whim (left claw) {rC++ SInv}
   (You bought it in a shop in the Dungeon)

   [ring of see invisible]

   It greatly protects you from cold.
   It lets you see invisible.
 i - a +4 ring of protection (right claw)
 k - an uncursed ring of see invisible {unknown}
Scrolls
 g - 2 scrolls of blinking
 o - a scroll of immolation {unknown}
 p - 5 scrolls of identify
Potions
 d - a potion of haste
 e - 2 potions of magic
 f - a potion of berserk rage
 l - a potion of mutation {unknown}
 n - 3 potions of flight {unknown}


   Skills:
 + Level 15.1 Fighting
 + Level 15.1 Dodging
 + Level 17.5 Unarmed Combat


You had 11 spell levels left.
You didn't know any spells.
Your spell library was empty.

Dungeon Overview and Level Annotations

Branches:
Dungeon (1/1)

Altars:
Cheibriados
Dithmenos
Elyvilon
Hepliaklqana
Kikubaaqudgha
Makhleb
Qazlal
Ru
Sif Muna
Trog
Uskayaw
Vehumet
Wu Jian
Xom
Yredelemnul
Zin
The Shining One
Beogh
Jiyva
Lugonu

Shops:
D (}:=:(*=[!?[!(*:=?([![!?(=}

Annotations:
D Lernaean hydra


Innate Abilities, Weirdness & Mutations

You are too large for most types of armour.
You have claws for hands.
Your natural rate of healing is unusually fast.
You are covered in fur. (AC +1)
You have extremely tough skin. (AC +3)


Message History

There is a lethal amount of poison in your body!
There is a lethal amount of poison in your body!
There is a lethal amount of poison in your body!
It was a potion of brilliance.
You feel clever all of a sudden.
* * * LOW HITPOINT WARNING * * *
You feel extremely sick.
* * * LOW HITPOINT WARNING * * *
You feel extremely sick.
* * * LOW HITPOINT WARNING * * *
You feel extremely sick.
* * * LOW HITPOINT WARNING * * *
You feel extremely sick.
You see here a glowing glaive {god gift}.
* * * LOW HITPOINT WARNING * * *
You feel very sick.
You see here a bolt.
You enter the shallow water.
Moving in this stuff is going to be slow.
You die...

#)##..#,,***#.*,k*,,*,,,,,,,,**,⌠
.).##.####,,+.##°*,,*,,,,,,,,**,,
.#..#....#,,*...####*,,,,,,,,**,,
.).####..##**#..##.#*,,,,,,,,**,,
#'###.##..#,,+..#..#*,,,,,,,,**,,
#.##...#..#,,#..#.)#*,,,,,,,,**,⌠
.<)'###+..####..##)#*,,!,,,,,**,,
#.##(..#...§###†.(##▓▓▓▓***+****+
#'###.##.....§≈≈@≈≈≈≈≈≈≈≈≈≈,,,≈≈≈
...####≈≈..§§.§#+########+***,≈≈≈
.#..#≈≈≈≈§≈≈.§§#.._._._.#≈≈≈**≈≈≈
.#.##≈≈≈≈§≈≈≈§§#._._._..#≈≈≈≈****
#'##≈≈≈≈≈§≈≈§§§#_._._._.#≈≈≈≈≈**,
≈≈≈≈≈≈≈≈§≈≈§§≈§#._._._._#≈≈≈≈≈≈*,
'#+++#≈≈§≈≈≈§≈§#.._._._.#≈≈≈≈≈≈+,
..°..##≈≈≈###≈§#..._._._*≈≈≈≈≈≈*,
°°.°°.##§≈#,*≈≈*,,,,_,_,*≈≈≈≈≈≈*,


There were no monsters in sight!

Vanquished Creatures
  Nikola (D)
  Kirke (D)
  A fire dragon (D)
  A yaktaur captain (D)
  2 boulder beetles (D)
  A centaur warrior (D)
  An iron elemental (D)
  2 hell hogs (D)
  2 death drakes (D)
  An obsidian statue (D)
  An oklob plant (D)
  A merfolk siren (D)
  An ice statue (D)
  2 toenail golems (D)
  An elephant (D)
  2 cane toads (D)
  A kobold demonologist (D)
  A yaktaur (D)
  3 polar bears (D)
  A hornet (D)
  2 redbacks (D)
  3 wyverns (D)
  Menkaure (D)
  2 swamp drakes (D)
  5 necrophages (D)
  4 lava snakes (D)
  An iron imp (D)
  A hell rat (D)
  3 worms (D)
49 creatures vanquished.

Vanquished Creatures (collateral kills)
  An unseen horror (D)
1 creature vanquished.

Vanquished Creatures (others)
  A skeletal warrior (D)
  An unseen horror (D)
  2 shining eyes (D)
  A water moccasin (D)
5 creatures vanquished.

Grand Total: 55 creatures vanquished

Notes
Turn   | Place    | Note
-------+----------+-------------------------------------------
     0 | D        | reriks the Troll Berserker began the quest for the Orb.
     0 | D        | Reached XP level 1. HP: 22/22 MP: 0/0
    15 | D        | Reached ** piety under Trog
    16 | D        | Reached XP level 2. HP: 17/31 MP: 1/1
    68 | D        | Noticed a merfolk siren
    73 | D        | Killed a merfolk siren
    74 | D        | Reached skill level 8 in Unarmed Combat
    74 | D        | Reached XP level 3. HP: 46/46 MP: 2/2
    74 | D        | Reached XP level 4. HP: 55/55 MP: 3/3
    74 | D        | Reached XP level 5. HP: 62/62 MP: 4/4
    74 | D        | Reached XP level 6. HP: 71/71 MP: 5/5
   100 | D        | Reached *** piety under Trog
   101 | D        | Reached skill level 9 in Unarmed Combat
   105 | D        | Reached XP level 7. HP: 70/80 MP: 6/6
   122 | D        | Noticed a boulder beetle
   122 | D        | Noticed a boulder beetle
   132 | D        | Killed a boulder beetle
   133 | D        | Reached skill level 11 in Unarmed Combat
   133 | D        | Reached XP level 8. HP: 92/92 MP: 7/7
   180 | D        | Killed a boulder beetle
   180 | D        | Reached **** piety under Trog
   181 | D        | Reached skill level 10 in Fighting
   181 | D        | Reached skill level 10 in Dodging
   181 | D        | Reached skill level 12 in Unarmed Combat
   181 | D        | Reached XP level 9. HP: 101/101 MP: 8/8
   223 | D        | Noticed Menkaure
   228 | D        | Killed Menkaure
   229 | D        | Found Xiromula's Jewellery Shoppe.
   229 | D        | Found Sideputs's Gadget Emporium.
   343 | D        | Found Desejegaph's Antique Weapon Shoppe.
   343 | D        | Found Fanal's Distillery.
   343 | D        | Found Naotoj's Magic Scroll Emporium.
   343 | D        | Found Guseten's Antique Weapon Shoppe.
   343 | D        | Found Niruma's Antique Armour Shoppe.
   344 | D        | Found Uwakheak's Book Emporium.
   345 | D        | Found Wuitrul's Distillery.
   345 | D        | Found Ufaruati's Armour Emporium.
   346 | D        | Noticed a cane toad
   346 | D        | Noticed a cane toad
   347 | D        | Found Cihoityi's Antique Armour Shoppe.
   347 | D        | Found Pudun's Jewellery Emporium.
   347 | D        | Noticed an oklob plant
   347 | D        | Noticed a hell hog
   348 | D        | Found Vikluzum's Jewellery Shoppe.
   348 | D        | Found Xuophicw's Book Emporium.
   348 | D        | Found Vuvum's Book Shoppe.
   358 | D        | Noticed a hell hog
   363 | D        | Noticed an iron elemental
   364 | D        | Bought the ring of Okawaru's Whim {rC++ SInv} for 395 gold
                  | pieces
   364 | D        | Bought a +4 ring of protection for 360 gold pieces
   401 | D        | Noticed an ice statue
   410 | D        | Killed an ice statue
   415 | D        | Noticed an obsidian statue
   510 | D        | Found the +2 Maxwell's thermic engine {flame, freeze}
   510 | D        | Noticed Nikola
   510 | D        | Noticed a toenail golem
   516 | D        | Killed an obsidian statue
   518 | D        | Noticed the 27-headed Lernaean hydra
   519 | D        | Noticed a toenail golem
   653 | D        | Killed an iron elemental
   653 | D        | Reached ***** piety under Trog
   654 | D        | Reached skill level 13 in Unarmed Combat
   672 | D        | Killed a cane toad
   673 | D        | Reached XP level 10. HP: 114/114 MP: 9/9
   676 | D        | Killed a hell hog
   680 | D        | Killed a hell hog
   681 | D        | Reached skill level 14 in Unarmed Combat
   684 | D        | Killed a cane toad
   853 | D        | Killed an oklob plant
   917 | D        | Killed Nikola
   917 | D        | Received a gift from Trog
   918 | D        | Reached skill level 15 in Unarmed Combat
   918 | D        | Reached XP level 11. HP: 21/127 MP: 10/10
  1463 | D        | Noticed Kirke
  1463 | D        | Noticed a skeletal warrior
  1489 | D        | Noticed a centaur warrior
  1490 | D        | Noticed a shining eye
  1491 | D        | Noticed a yaktaur captain
  1493 | D        | Killed a shining eye
  1498 | D        | Noticed a lindwurm
  1534 | D        | Killed a shining eye
  1561 | D        | Killed a yaktaur captain
  1563 | D        | Killed a centaur warrior
  1564 | D        | Reached skill level 16 in Unarmed Combat
  1568 | D        | Killed Kirke
  1568 | D        | Received a gift from Trog
  1569 | D        | Got an encrusted executioner's axe {god gift}
  1619 | D        | Killed a skeletal warrior
  1740 | D        | Identified the +7 executioner's axe "Biwn" {flame, rPois
                  | Dex+3 Stlth-} (Trog gifted it to you in the Dungeon)
  1747 | D        | Noticed a shining eye
  1783 | D        | Reached ****** piety under Trog
  1795 | D        | Noticed a fire dragon
  1795 | D        | Noticed an unseen horror
  1795 | D        | Noticed an unseen horror
  1795 | D        | Killed an unseen horror
  1799 | D        | Killed an unseen horror
  1799 | D        | Received a gift from Trog
  1804 | D        | Killed a fire dragon
  1805 | D        | Reached skill level 17 in Unarmed Combat
  1851 | D        | Found Lurajiw's Weapon Emporium.
  1851 | D        | Found Ixtuulu's Weapon Shop.
  1851 | D        | Found Juyluxe's Gadget Shop.
  1851 | D        | Found Niuleaz's General Store.
  1851 | D        | Found Bimau's Magic Scroll Boutique.
  1852 | D        | Found Geettydo's Distillery.
  1852 | D        | Found Wilyzoy's Weapon Boutique.
  1852 | D        | Found Nial's Jewellery Emporium.
  1852 | D        | Found Ytausk's Antique Armour Shop.
  1852 | D        | Found Juowelos's General Store.
  1852 | D        | Found Meax's Magic Scroll Shop.
  1852 | D        | Found Joqewaf's Distillery.
  1862 | D        | Bought a scroll of identify for 22 gold pieces
  1862 | D        | Bought 2 scrolls of identify for 44 gold pieces
  1862 | D        | Bought a scroll of identify for 22 gold pieces
  1862 | D        | Bought a scroll of identify for 22 gold pieces
  1868 | D        | Bought a scroll of magic mapping for 45 gold pieces
  2034 | D        | Found a roughly hewn altar of Beogh.
  2035 | D        | Found a hazy altar of Hepliaklqana.
  2035 | D        | Found a snail-covered altar of Cheibriados.
  2036 | D        | Found a stormy altar of Qazlal.
  2036 | D        | Found a viscous altar of Jiyva.
  2036 | D        | Found a shadowy altar of Dithmenos.
  2037 | D        | Found a sacrificial altar of Ru.
  2037 | D        | Found an ancient bone altar of Kikubaaqudgha.
  2037 | D        | Found a white marble altar of Elyvilon.
  2038 | D        | Found an ornate altar of the Wu Jian Council.
  2038 | D        | Found a shimmering blue altar of Sif Muna.
  2038 | D        | Found a corrupted altar of Lugonu.
  2039 | D        | Found a shimmering altar of Xom.
  2039 | D        | Found a bloodstained altar of Trog.
  2039 | D        | Found a burning altar of Makhleb.
  2040 | D        | Found a glowing golden altar of the Shining One.
  2040 | D        | Found a basalt altar of Yredelemnul.
  2040 | D        | Found a hide-covered altar of Uskayaw.
  2041 | D        | Found a glowing silver altar of Zin.
  2053 | D        | Reached XP level 12. HP: 140/140 MP: 11/11
  2054 | D        | Paralysed by a hornet for 2 turns
  2063 | D        | Received a gift from Trog
  2150 | D        | Noticed a crystal guardian
  2373 | D        | Reached skill level 15 in Fighting
  2373 | D        | Reached skill level 15 in Dodging
  2536 | D        | Found a radiant altar of Vehumet.
  2536 | D        | Succumbed to poison (dark miasma)

Illustrated notes

Levels and vault maps discovered:
D:        the_violet_keep_of_menkaure [sprint2_stairs_cluster_1,
          sprint2_shoproom, sprint2_temple, sprint2_basic_supplies,
          sprint2_obstacle_2, sprint2_obstacle_4, sprint2_obstacle_5,
          sprint2_obstacle_3, sprint2_obstacle_1, sprint2_timed_cluster_1,
          sprint2_smallroom_cluster_1, sprint2_smallroom_final_cluster_1,
          sprint2_transparent_cluster_1, sprint2_second_timed_cluster_1,
          sprint2_sniper_area_1, sprint2_heavy_combat_area_1,
          sprint2_mutation_trap_area_1, sprint2_forest_area_1,
          sprint2_light_combat_area_1, sprint2_behind_water_1,
          sprint2_near_end_vault_1]

Skill      XL: |  1  2  3  4  5  6  7  8  9 10 11 12 |
---------------+-------------------------------------+-----
Fighting       | 3 7 8 9 10 11 13 14 15 | 15.1
Dodging        | 3 7 8 9 10 11 13 14 15 | 15.1
Unarmed Combat | 8 9 11 12 13 15 17 | 17.5

Action                   |  1- 3 |  4- 6 |  7- 9 | 10-12 || total
-------------------------+-------+-------+-------+-------++-------
Melee: Unarmed           |    11 |     9 |    44 |   121 ||   185
       Punch             |       |       |     4 |    19 ||    23
Invok: Berserk           |     2 |       |     6 |     6 ||    14
       Trog's Hand       |     1 |       |     2 |     4 ||     7
       Brothers in Arms  |       |       |       |     1 ||     1
  Use: Potion            |       |       |     1 |     2 ||     3
       Scroll            |       |       |       |     2 ||     2
Armor: Animal skin       |     1 |     3 |     5 |    34 ||    43
Dodge: Dodged            |     2 |     1 |    16 |    57 ||    76

Table legend: (Time is in decaauts)
 A = Elapsed time spent in this place.
 B = Non-inter-level travel time spent in this place.
 C = Inter-level travel time spent in this place.
 D = Time resting spent in this place.
 E = Time spent auto-exploring this place.
 F = Levels seen in this place.
 G = Mean time per level.
                   A        B        C        D        E       F      G
               +--------+--------+--------+--------+--------+-----+--------+
         Total |   2629 |   2629 |      0 |   1905 |      3 |   1 | 2629.0 |
       Dungeon |   2629 |   2629 |      0 |   1905 |      3 |   1 | 2629.0 |
               +--------+--------+--------+--------+--------+-----+--------+

Top non-repeatable levels by time:
       D: 2629 daAuts
